 Dungeon Crawl Stone Soup version 0.30-a0-341-g682706514a (webtiles) character file.

Game seed: 17843059398292366835

67 Conn the Sneak (level 4, -1/28 HPs)
             Began as an Octopode Fire Elementalist on Nov 5, 2022.
             Slain by a gnoll
             ... wielding a +0 flail
              (9 damage)
             ... on level 2 of the Dungeon.
             The game lasted 00:05:37 (1221 turns).

Conn the Sneak (Octopode Fire Elementalist)         Turns: 1221, Time: 00:05:37

Health: -1/28      AC:  5    Str:  7    XL:     4   Next: 16%
Magic:  6/7        EV: 13    Int: 19    God:
Gold:   68         SH:  0    Dex: 12    Spells: 6/7 levels left

rFire   . . .      SeeInvis .    b - +0 dagger (venom)
rCold   . . .      Faith    .    (no shield)
rNeg    . . .      Spirit   .    (helmet restricted)
rPois   .          Reflect  .    (no amulet)
rElec   .          Harm     .    k - +4 ring of protection
rCorr   .          Rampage  .    (no ring)
Will    .....                    (no ring)
Stlth   +++.......               (no ring)
HPRegen 0.24/turn                (no ring)
MPRegen 0.10/turn                (no ring)
                                 (no ring)
                                 (no ring)

@: no status effects
A: almost no armour, amphibious, 8 rings, camouflage 1, gelatinous body 1,
(nimble swimmer 1), tentacles
a: no special abilities


You were on level 2 of the Dungeon.
You visited 1 branch of the dungeon, and saw 2 of its levels.

You collected 68 gold pieces.

Inventory:

Hand Weapons
 b - a +0 dagger of venom (weapon)
Jewellery
 k - a +4 ring of protection (left tentacle)
 l - a ring of ice
 n - a ring of ice
Scrolls
 d - a scroll of poison {unknown}
 f - a scroll of vulnerability {unknown}
 g - a scroll of brand weapon
 h - 3 scrolls of noise {unknown}
 i - 2 scrolls of identify {unknown}
Potions
 a - a potion of magic
 c - a potion of curing {unknown}
 e - 2 potions of invisibility {unknown}
 j - a potion of haste {unknown}
 m - 2 potions of mutation {unknown}
 o - a potion of flight {unknown}


   Skills:
 + Level 1.1 Fighting
 + Level 0.1 Short Blades
 + Level 2.1 Dodging
 + Level 3.8 Stealth
 + Level 2.4 Spellcasting
 + Level 1.2 Conjurations
 + Level 3.7 Fire Magic


You had 6 spell levels left.
You knew the following spells:

 Your Spells              Type           Power      Damage    Failure   Level
a - Foxfire               Conj/Fire      44%        2x1d6     6%          1

Your spell library contained the following spells:

 Spells                   Type           Power      Damage    Failure   Level
 Scorch                   Fire           32%        2d6       5%          2
 Inner Flame              Hex/Fire       9%         N/A       22%         3
 Kindle Blastsparks       Fire/Tloc/Air  12%        2d11      28%         3
 Flame Wave               Conj/Fire      11%        2d6       50%         4
 Animate Dead             Necr           2%         N/A       85%         4
 Borgnjor's Vile Clutch   Necr/Erth      1%         N/A       99%         5
 Death Channel            Necr           1%         N/A       100%        6


Dungeon Overview and Level Annotations

Branches:
Dungeon (2/15)

Altars:
Ru


Innate Abilities, Weirdness & Mutations

You cannot wear most types of armour.
You are amphibious.
You can wear up to eight rings at the same time.
Your skin changes colour to match your surroundings (Stealth+).
Your rubbery body absorbs attacks. (AC +1, EV +1)
((You are camouflaged when in or above water. (Stealth+)))
You have tentacles for arms and can constrict up to eight enemies at once.


Message History

You kill the gnoll!
The foxfire hits the gnoll.
The gnoll is moderately wounded.
The foxfire hits the gnoll.
The gnoll is severely wounded.
The gnoll hits you with a +0 club.
You have reached level 4!
Okay, then.
Okay, then.
Unknown command.
Unknown command.
The gnoll attacks as you move away! The gnoll closely misses you.
As you read the scroll labelled ALEEPR YMUR, it crumbles to dust.
It is a scroll of brand weapon.
Your +0 dagger drips with poison.
b - a +0 dagger of venom (weapon)
The gnoll barely misses you. The gnoll attacks as you move away!
The gnoll closely misses you.
You completely miss the gnoll. You grab the gnoll. You squeeze the gnoll.
You kill the gnoll!
Found a book of the Wilderness.
Things that are here:
a +0 whip; a throwing net
Found an inky potion and a dagger.
An adder comes into view.
The adder hisses angrily.
The gnoll attacks as you move away! The gnoll barely misses you.
The gnoll attacks as you move away! The gnoll misses you.
You closely miss the gnoll. Your grab misses the gnoll.
The gnoll hits you but does no damage.
Okay, then.
Okay, then.
You hit the gnoll but do no damage.
The gnoll is poisoned.
You grab the gnoll. You constrict the gnoll.
The gnoll hits you with a +0 flail!
* * * LOW HITPOINT WARNING * * *
You release your grip on the gnoll.
The gnoll attacks as you move away! The gnoll barely misses you.
A goblin comes into view. It is wielding a +0 club.
The gnoll attacks as you move away! The gnoll hits you with a +0 flail!
You die...

...............................
...........................[...
..........#....................
...)..?$..#......##...........#
....###...#......##.......##'##
### ###.####+####.......##.##
#S.g...# ##########.## #####g.#
#.# #.@# #.# #..# #.# ..... #.#
####.## #.. .g# ###


You could see 2 gnolls and a goblin (asleep).

Vanquished Creatures
  An adder (D:2)
  2 gnolls (D:2)
  A dart slug (D:2)
  2 bats (D:1)
  2 endoplasms (D:1)
  2 giant cockroaches (D:1)
  3 hobgoblins (D:1)
  5 kobolds
  8 ball pythons
  3 frilled lizards
  4 goblins
  4 rats
37 creatures vanquished.

Vanquished Creatures (others)
  59 foxfires
59 creatures vanquished.

Grand Total: 96 creatures vanquished

Notes
Turn   | Place    | Note
-------+----------+-------------------------------------------
     0 | D:1      | Conn the Octopode Fire Elementalist began the quest for the
                  | Orb.
     0 | D:1      | Reached XP level 1. HP: 11/11 MP: 3/3
   123 | D:1      | Reached XP level 2. HP: 13/17 MP: 0/5
   324 | D:1      | Found a faded altar of an unknown god.
   594 | D:1      | Reached XP level 3. HP: 21/21 MP: 6/6
   854 | D:2      | Found a sacrificial altar of Ru.
   961 | D:2      | Reached skill level 1 in Fighting
  1190 | D:2      | Reached XP level 4. HP: 9/28 MP: 3/7
  1221 | D:2      | Slain by a gnoll

Illustrated notes

Levels and vault maps discovered:
D:1:      heliophobic_arrival_glass_houses, layout_loops_ring,
          dreamdust_ecumenical_altar_statues, st_stairs_1, minmay_tetromino_t2
D:2:      layout_basic, basic_altar

Skill      XL: |  1  2  3 |
---------------+----------+-----
Stealth        | 3 |  3.8
Fighting       | 1 |  1.1
Short Blades   | |  0.1
Dodging        | |  2.1
Spellcasting   | |  2.4
Conjurations   | |  1.2
Fire Magic     | |  3.7

Action                   |  1- 3 |  4- 6 || total
-------------------------+-------+-------++-------
Melee: Dagger            |    46 |     3 ||    49
       Tentacles         |     9 |     1 ||    10
       Constrict         |    12 |     2 ||    14
       Unarmed           |     1 |       ||     1
 Cast: Foxfire           |    32 |       ||    32
  Use: Scroll            |       |     1 ||     1
 Stab: Sleeping          |     9 |       ||     9
Armor: Skin              |     8 |     1 ||     9
Dodge: Dodged            |    24 |     6 ||    30

Table legend: (Time is in decaauts)
 A = Elapsed time spent in this place.
 B = Non-inter-level travel time spent in this place.
 C = Inter-level travel time spent in this place.
 D = Time resting spent in this place.
 E = Time spent auto-exploring this place.
 F = Levels seen in this place.
 G = Mean time per level.
                   A        B        C        D        E       F      G
               +--------+--------+--------+--------+--------+-----+--------+
         Total |   1219 |   1219 |      0 |      0 |    766 |   2 |  609.5 |
       Dungeon |   1219 |   1219 |      0 |      0 |    766 |   2 |  609.5 |
               +--------+--------+--------+--------+--------+-----+--------+

Top non-repeatable levels by time:
     D:1: 758 daAuts
     D:2: 461 daAuts
